 Dungeon Crawl Stone Soup version 0.28.0-53-g5a82cb258f (webtiles) character file.

Game seed: 16523819808355393182

485 avis the Caller (level 6, -4/26 HPs)
             Began as a Felid Summoner on Aug 7, 2022.
             Killed by divine providence
             ... invoked by an orc priest
              (16 damage)
             ... on level 5 of the Dungeon on Aug 8, 2022.
             The game lasted 01:03:16 (7334 turns).

avis the Caller (Felid Summoner)                    Turns: 7334, Time: 01:03:18

Health: -4/26      AC:  2    Str:  4    XL:     6   Next: 88%
Magic:  8/13       EV: 19    Int: 18    God:
Gold:   141        SH:  0    Dex: 17    Spells: 1/14 levels left
                                        Lives:  0   Deaths: 1

rFire   . . .      SeeInvis +   (weapon unavailable)
rCold   . . .      Faith    .   (shield unavailable)
rNeg    . . .      Spirit   .   (armour unavailable)
rPois   .          Reflect  .   (helmet unavailable)
rElec   .          Harm     .   (cloak unavailable)
rCorr   .          Rampage  .   (gloves unavailable)
Will    .....                   (boots unavailable)
Stlth   ++........              (no amulet)
HPRegen 0.08/turn               (no ring)
MPRegen 0.13/turn               (no ring)

@: quick
A: very small, claws 1, fangs 3, see invisible, speed 1, shaggy fur 2, stealthy
paws, no weapons or thrown items, no armour, multi-lived
a: no special abilities


You were on level 5 of the Dungeon.
You visited 2 branches of the dungeon, and saw 6 of its levels.

You collected 141 gold pieces.

Inventory:

Missiles
 j - 6 poisoned darts
Jewellery
 o - a ring of fire
Wands
 h - a wand of polymorph (8)
 q - a wand of paralysis (7)
Scrolls
 c - a scroll of blinking
 d - a scroll of fear
 f - a scroll of acquirement {unknown}
 g - a scroll of noise
 p - a scroll of teleportation {unknown}
 r - 2 scrolls of magic mapping {unknown}
Potions
 a - a potion of lignification {unknown}
 b - a potion of ambrosia
 e - 2 potions of berserk rage {unknown}
 i - a potion of cancellation {unknown}
 m - a potion of resistance {unknown}
 n - 2 potions of might
Miscellaneous
 k - a lightning rod (2/4)


   Skills:
 + Level 2.3 Fighting
 + Level 4.3 Dodging
 - Level 2.6 Stealth
 * Level 4.6 Spellcasting
 * Level 3.6 Hexes
 + Level 6.1 Summonings


You had one spell level left.
You knew the following spells:

 Your Spells              Type           Power      Damage    Failure   Level
a - Summon Small Mammal   Summ           100%       N/A       1%          1
b - Call Imp              Summ           26%        N/A       1%          2
c - Call Canine Familiar  Summ           26%        N/A       3%          3
d - Summon Guardian Gole  Hex/Summ       21%        N/A       5%          3
e - Summon Lightning Spi  Summ/Air       15%        N/A       36%         4

Your spell library contained the following spells:

 Spells                   Type           Power      Damage    Failure   Level
 Sting                    Tmut/Pois      16%        1d3       14%         1
 Corpse Rot               Necr/Air       8%         N/A       22%         2
 Poisonous Vapours        Pois/Air       8%         N/A       22%         2
 Olgreb's Toxic Radiance  Pois           4%         N/A       80%         4


Dungeon Overview and Level Annotations

Branches:
Dungeon (5/15)             Temple (1/1) D:4

Altars:
Cheibriados
Elyvilon
Fedhas
Hepliaklqana
Nemelex Xobeh
Okawaru
Qazlal
Sif Muna
Uskayaw
Vehumet
Wu Jian
Xom
Yredelemnul

Shops:
D:1 :   D:3 (


Innate Abilities, Weirdness & Mutations

You have sharp claws.
You have razor-sharp teeth.
You have supernaturally acute eyesight. (SInv)
You cover ground quickly. (Speed+)
You are covered in thick fur. (AC +2)
Your paws help you pounce on unaware monsters.
You are incapable of wielding weapons or throwing items.
You cannot wear armour.
You gain extra lives every three experience levels.


Message History

Flame seeps out of your guardian golem.
Your guardian golem is almost destroyed.
Your guardian golem disappears in a puff of smoke!
Unknown command.
There is an open door here.
You close the door.
There is a stone staircase leading up here.
You climb upwards.
There is a stone staircase leading down here.
You start resting.
HP restored.
You climb downwards.
There is a stone staircase leading up here.
As you open the door, it creaks loudly!
The orc priest shouts!
The orc priest mumbles some strange prayers to Beogh against you.
Beogh smites you!
Ouch! That really hurt!
You close the door.
Casting: Summon Guardian Golem (quite dangerous; 5% risk of failure)
Confirm with . or Enter, or press ? or * to list all spells.
A beastly little devil appears in a puff of flame.
Casting: Call Imp (safe; 1% risk of failure)
Confirm with . or Enter, or press ? or * to list all spells.
The spell is quite dangerous to miscast (3% risk of failure)!
Continue anyway?
An orc priest opens the door.
You swap places.
What are your orders? t - Meow!
Orders for allies: a - Attack new target. r - Retreat! s - Stop attacking. g - Guard the area. f - Follow me.
Anything else - Cancel.
Gang up on whom?
Press: ? - help, Dir - move target, f - orc priest
Aim: an orc priest, wielding a +0 club and wearing a +0 scale mail Attack!
The orc priest calls down the wrath of Beogh upon you.
Beogh smites you!
Ouch! That really hurt!
You die...

############._#5# ##.#.# #####
#.#.# #..5h ######.#.###.###
#.........##h### ##########
#.####.#..##5#.. #........#
#.#..#.#..##.#.#
###........#######.#..#.#..##.#[#
..'........o.5.h@............>#.#
###........#.#####.#..#.#..####.#
#.[o.....#.# #.#....#..####..
#........#.# #.##.#......##.#
###........#.# #....#.#..#.####
.o°....#####.# ######.##.#.#
######..# #.# #.#..#.# ##.# #.#
#.#..#.# ..# #.## #.# #)#..#.#


You could see an orc priest (ally target), a friendly hound (summoned) and a
friendly crimson imp (summoned).

Vanquished Creatures
  An iguana (D:5)
  2 bats
  An endoplasm (D:4)
  2 giant cockroaches (D:4)
  A hobgoblin (D:3)
  4 rats (D:3)
11 creatures vanquished.

Vanquished Creatures (collateral kills)
  An ogre (D:4)
  Blork the orc (D:5)
  A water moccasin zombie (D:5)
  3 hounds (D:5)
  A bullfrog skeleton (D:4)
  A centaur skeleton (D:4)
  4 gnolls (D:3)
  6 adders
  An ufetubus (D:5)
  4 dart slugs
  8 orcs
  3 bats
  5 endoplasms
  A giant cockroach (D:4)
  9 goblins
  5 hobgoblins
  8 jackals
  5 kobolds
  4 quokkas
  8 ball pythons
  2 rats
81 creatures vanquished.

Vanquished Creatures (others)
  An ice beast (D:5)
  2 orcs (D:5)
3 creatures vanquished.

Grand Total: 95 creatures vanquished

Notes
Turn   | Place    | Note
-------+----------+-------------------------------------------
     0 | D:1      | avis the Felid Summoner began the quest for the Orb.
     0 | D:1      | Reached XP level 1. HP: 7/7 MP: 4/4
   314 | D:1      | Reached XP level 2. HP: 11/11 MP: 1/6
   446 | D:1      | Found Isuleffa's Book Shoppe.
   464 | D:1      | Learned a level 2 spell: Call Imp
  1273 | D:2      | Identified the +0 robe of Untruth {rN+}
  1544 | D:2      | Reached XP level 3. HP: 13/14 MP: 0/8
  1617 | D:2      | Learned a level 3 spell: Call Canine Familiar
  1732 | D:2      | Found a faded altar of an unknown god.
  1978 | D:3      | Found an ornate altar of the Wu Jian Council.
  2467 | D:3      | Reached XP level 4. HP: 18/18 MP: 4/9
  2516 | D:3      | Learned a level 3 spell: Summon Guardian Golem
  2700 | D:3      | Found Yfren's Antique Weapon Boutique.
  2973 | D:3      | Reached skill level 5 in Summonings
  3249 | D:3      | Reached skill level 1 in Hexes
  3253 | D:3      | Reached XP level 5. HP: 21/21 MP: 2/11
  3469 | D:4      | Found a staircase to the Ecumenical Temple.
  3478 | Temple   | Entered the Ecumenical Temple
  3931 | D:4      | Noticed an ogre
  4158 | D:4      | Reached skill level 1 in Fighting
  4211 | D:4      | Found a hide-covered altar of Uskayaw.
  4835 | D:4      | Found an iron altar of Okawaru.
  4897 | D:4      | Killed an ogre
  4898 | D:4      | Gained mutation: You are covered in thick fur. (AC +2)
                  | [Felid growth]
  4898 | D:4      | Reached XP level 6. HP: 25/25 MP: 4/12
  5471 | D:5      | Entered Level 5 of the Dungeon
  5678 | D:5      | Noticed Blork the orc
  5716 | D:5      | Killed Blork the orc
  5970 | D:5      | Killed from afar by an orc priest
  5971 | D:5      | Reached XP level 5. HP: -9/22 MP: 10/12
  6094 | D:5      | Reached XP level 6. HP: 26/26 MP: 8/13
  6204 | D:5      | Found a sparkling altar of Nemelex Xobeh.
  6316 | D:5      | Reached skill level 6 in Summonings
  6533 | D:5      | Learned a level 4 spell: Summon Lightning Spire
  6790 | D:5      | Noticed an ice beast
  6823 | D:5      | Killed an ice beast
  7334 | D:5      | Killed from afar by an orc priest

Illustrated notes

Levels and vault maps discovered:
D:1:      dpeg_arrival_central, layout_basic, serial_shops, nicolae_shop_stone
D:2:      layout_rooms, basic_ecumenical_altar
D:3:      kb_forest_paths, layout_basic, nicolae_wu_jian_wuxing_cycle,
          serial_shops, shop, minmay_misc_feat_pillars, minmay_checkerbox
D:4:      layout_loops_corners, mainiacjoe_overflow_six_doors_small,
          kennysheep_okawaru_gauntlet, minmay_temple_entry_antechambers,
          kennysheep_path_1, st_stairs_1, minivault_24
D:5:      layout_basic, overflow_temple_1_default, uniq_blork_the_orc
Temple:   compressed_dpeg_triangle_lava_temple

Skill      XL: |  1  2  3  4  5  6 |
---------------+-------------------+-----
Spellcasting   | 3 4 |  4.6
Summonings     | 5 6 |  6.1
Dodging        | 3 4 |  4.3
Hexes          | 1 2 3 |  3.6
Fighting       | 1 2 |  2.3
Stealth        | |  2.6

Action                   |  1- 3 |  4- 6 || total
-------------------------+-------+-------++-------
Melee: Unarmed           |    14 |    24 ||    38
       Punch             |     1 |       ||     1
       Bite              |       |     4 ||     4
 Cast: Summon Small Mamm |    45 |    14 ||    59
       Call Imp          |    17 |    26 ||    43
       Call Canine Famil |     2 |    24 ||    26
       Summon Guardian G |       |     4 ||     4
Evoke: Lightning rod     |       |     2 ||     2
  Use: Scroll            |       |     5 ||     5
       Potion            |       |     1 ||     1
 Stab: Sleeping          |     2 |     2 ||     4
       Distracted        |     1 |       ||     1
Armor: Skin              |     2 |     3 ||     5
Dodge: Dodged            |    16 |    22 ||    38
